 Dungeon Crawl Stone Soup version 0.20-a0-820-g557356e (webtiles) character file.

3794 nubinia the Thaumaturge (level 9, -8/40 HPs)
             Began as a Spriggan Earth Elementalist on Mar 4, 2017.
             Was a High Priest of Okawaru.
             Mangled by an orc warrior
             ... wielding a +1 glaive of flaming
              (19 damage)
             ... on level 9 of the Dungeon.
             The game lasted 00:37:58 (8066 turns).

nubinia the Thaumaturge (SpEE)                      Turns: 8066, Time: 00:37:58

Health: -8/40      AC:  6    Str:  8    XL:     9   Next: 96%
Magic:  27/35      EV: 11    Int: 17    God:    Okawaru [*****.]
Gold:   388        SH:  0    Dex: 18    Spells: 19/32 levels left

rFire    + . .     SeeInvis +   o - +3 dagger (speed)
rCold    . . .     Gourm    .   p - +2 robe {rN+}
rNeg     + . .     Faith    .   (shield restricted)
rPois    .         Spirit   .   (helmet restricted)
rElec    .         Reflect  .   m - +1 cloak "Ofeseryz" {rF+ MP+9}
rCorr    .         Harm     .   (gloves unavailable)
MR       +....                  (boots unavailable)
Stlth    ++........             (no amulet)
Regen    0.2/turn               y - +3 ring of strength
MPRegen  0.3/turn               t - ring of loudness (curse)

@: held, very quick
A: unfitting armour, see invisible, herbivore 3, speed 3, slow metabolism 2
a: Heroism, Finesse, Renounce Religion


You were on level 9 of the Dungeon.
You worshipped Okawaru.
Okawaru was extremely pleased with you.
You were not hungry.

You visited 1 branch of the dungeon, and saw 9 of its levels.

You collected 388 gold pieces.

Inventory:

Hand Weapons
 j - a +1 dagger
 o - a +3 dagger of speed (weapon)
 q - a +1 dagger of holy wrath
 B - a +0 blowgun
Missiles
 b - 162 stones (quivered)
Armour
 c - a +0 robe
 m - the +1 cloak "Ofeseryz" (worn) {rF+ MP+9}
   (You found it on level 8 of the Dungeon)

   It protects you from fire.
   It affects your magic capacity (+9).
 p - a +2 robe of positive energy (worn)
Jewellery
 f - an uncursed ring of poison resistance
 t - a cursed ring of loudness (left hand)
 y - a +3 ring of strength (right hand)
Scrolls
 h - 2 scrolls of teleportation
 s - a scroll of fog
 w - a scroll of fear
 A - 2 scrolls of identify
 C - a scroll of enchant weapon
 E - a scroll of blinking
Potions
 a - 2 potions of brilliance
 g - 7 potions of curing
 i - a potion of might
 k - a potion of invisibility
 l - a potion of magic
 n - a potion of cancellation
 x - a potion of resistance
 z - a potion of heal wounds
Books
 e - a book of Geomancy

   Spells                             Type                      Level
   a - Sandblast                      Earth                        1
   b - Passwall                       Transmutation/Earth          2
   c - Stone Arrow                    Conjuration/Earth            3
   d - Petrify                        Transmutation/Earth          4
   e - Lee's Rapid Deconstruction     Earth                        5
 r - a book of Minor Magic

   Spells                             Type                      Level
   a - Magic Dart                     Conjuration                  1
   b - Blink                          Translocation                2
   c - Call Imp                       Summoning                    2
   d - Slow                           Hexes                        2
   e - Conjure Flame                  Conjuration/Fire             3
   f - Mephitic Cloud                 Conjuration/Poison/Air       3
 u - a book of Clouds

   Spells                             Type                      Level
   a - Poisonous Vapours              Poison/Air                   2
   b - Mephitic Cloud                 Conjuration/Poison/Air       3
   c - Conjure Flame                  Conjuration/Fire             3
   d - Freezing Cloud                 Conjuration/Ice/Air          6
   e - Ring of Flames                 Charms/Fire                  7
Comestibles
 d - 2 bread rations
 v - a royal jelly
 D - a fruit


   Skills:
 + Level 0.5 Fighting
 + Level 3.4 Short Blades
 + Level 6.6 Dodging
 + Level 4.8 Stealth
 * Level 12.0 Spellcasting
 * Level 4.6 Translocations
 + Level 1.3 Transmutations
 + Level 7.4 Earth Magic


You had 19 spell levels left.
You knew the following spells:

 Your Spells              Type           Power        Failure   Level  Hunger
a - Sandblast             Erth           #####.       1%          1    None
b - Stone Arrow           Conj/Erth      ###...       6%          3    None
c - Passwall              Tmut/Erth      ####......   1%          2    None
d - Petrify               Tmut/Erth      ####....     14%         4    ##.....
e - Blink                 Tloc           N/A          1%          2    None
f - Magic Dart            Conj           ##..         10%         1    None


Dungeon Overview and Level Annotations

Branches:
Dungeon (9/15)             Temple (0/1) D:6
   Lair: D:8-11         Orc: D:9-12

Altars:
Hepliaklqana
Okawaru

Annotations:
D:8 derval's ghost, novice CeHu


Innate Abilities, Weirdness & Mutations

You are very small and have problems with some larger weapons.
You are too small for most types of armour.
You have supernaturally acute eyesight. (SInv)
You are a herbivore.
You cover ground extremely quickly.
You need consume almost no food.


Message History

The gnoll shouts!
You hear a shout! x2
The orc hits you but does no damage.
A gnoll and 2 orcs come into view.
The gnoll shouts!
The gnoll moves out of view.
The gnoll throws a throwing net.
The throwing net hits you.
You become entangled in the net!
The orc warrior barely misses you.
You see here a throwing net.
You struggle against the net.
The orc closely misses you. The gnoll hits you with a whip.
You struggle against the net.
The orc warrior hits you from afar with a glaive of flaming!!
Ouch! That really hurt!
The orc warrior burns you.
* * * LOW HITPOINT WARNING * * *
The orc barely misses you. The gnoll hits you with a whip.
* * * LOW HITPOINT WARNING * * *
You struggle against the net.
The orc warrior hits you from afar with a glaive of flaming!!
You die...

..... ...# #..#
. #gg# .# #<##
..# ####)###....
###...g......#
#.'...gā‰ˆ......
###.oo@....##.
#.....ā‰ˆā‰ˆ.#
#........#
#.o.o....#
#......ā‰ˆ.#
#....)...#
.........#
#.........#


You could see an orc warrior, 4 gnolls and 3 orcs.

Vanquished Creatures
  Erica (D:8)
  A hog (D:8)
  A human (D:8)
  Edmund (D:5)
  Duvessa (D:5)
  2 orc warriors
  3 sky beasts
  2 ogres
  3 phantoms
  2 big kobolds
  A gnoll sergeant (D:9)
  6 bullfrogs
  Dowan (D:5)
  2 scorpions (D:7)
  3 crimson imps
  3 jellies
  2 orc priests
  2 hounds
  7 orc wizards
  A gnoll shaman (D:4)
  2 iguanas
  3 worker ants
  A hound zombie (D:5)
  2 hound skeletons
  8 gnolls
  11 adders
  A shadow imp (D:7)
  2 oozes (D:1)
  2 adder skeletons
  4 worms
  4 leopard geckos
  16 orcs
  4 giant cockroaches
  9 hobgoblins
  11 jackals
  8 kobolds
  A quokka (D:4)
  8 bats
  7 frilled lizards
  6 goblins
  A jackal skeleton (D:8)
  A jackal zombie (D:5)
  8 rats
165 creatures vanquished.

Notes
Turn   | Place    | Note
-------+----------+-------------------------------------------
     0 | D:1      | nubinia the Spriggan Earth Elementalist began the quest for the Orb.
     0 | D:1      | Reached XP level 1. HP: 9/9 MP: 5/5
     1 | D:1      | Found a runed door.
   317 | D:1      | Reached XP level 2. HP: 13/13 MP: 4/6
   444 | D:1      | Reached skill level 3 in Spellcasting
   717 | D:1      | Learned a level 2 spell: Passwall
  1210 | D:1      | Reached XP level 3. HP: 6/16 MP: 6/8
  1998 | D:2      | Reached XP level 4. HP: 9/21 MP: 8/10
  2826 | D:2      | Reached skill level 4 in Spellcasting
  2832 | D:2      | Learned a level 3 spell: Stone Arrow
  3004 | D:2      | Reached skill level 1 in Short Blades
  3571 | D:2      | Reached XP level 5. HP: 24/24 MP: 7/12
  3577 | D:2      | Learned a level 4 spell: Petrify
  3896 | D:3      | Found a faded altar of an unknown god.
  3912 | D:3      | Became a worshipper of Warmaster Okawaru
  3912 | D:3      | Reached * piety under Okawaru
  4493 | D:4      | Reached XP level 6. HP: 28/28 MP: 8/14
  4506 | D:4      | Reached skill level 5 in Dodging
  4630 | D:4      | Reached skill level 5 in Spellcasting
  4762 | D:5      | Entered Level 5 of the Dungeon
  4793 | D:5      | Noticed Edmund
  4861 | D:5      | Killed Edmund
  4861 | D:5      | Reached ** piety under Okawaru
  4861 | D:5      | Reached skill level 6 in Spellcasting
  4955 | D:5      | Reached XP level 7. HP: 29/32 MP: 14/17
  5064 | D:5      | Noticed Dowan
  5067 | D:5      | Killed Dowan
  5068 | D:5      | Noticed Duvessa
  5118 | D:5      | Killed Duvessa
  5118 | D:5      | Reached skill level 7 in Spellcasting
  5212 | D:5      | Reached skill level 5 in Earth Magic
  5724 | D:6      | Reached skill level 8 in Spellcasting
  5724 | D:6      | Reached XP level 8. HP: 28/36 MP: 17/21
  5796 | D:6      | Found a staircase to the Ecumenical Temple.
  5930 | D:6      | Reached *** piety under Okawaru
  6332 | D:6      | Reached skill level 9 in Spellcasting
  6347 | D:6      | Learned a level 2 spell: Blink
  6349 | D:6      | Learned a level 1 spell: Magic Dart
  6404 | D:7      | Found a hazy altar of Hepliaklqana.
  6485 | D:7      | Reached skill level 1 in Translocations
  6779 | D:7      | Reached **** piety under Okawaru
  6784 | D:7      | Reached skill level 10 in Spellcasting
  6833 | D:7      | Reached XP level 9. HP: 40/40 MP: 17/24
  7022 | D:8      | Noticed Erica
  7024 | D:8      | Noticed derval's ghost (novice CeHu)
  7434 | D:8      | Got a slimy cloak
  7471 | D:8      | Identified the +1 cloak "Ofeseryz" {rF+ MP+9} (You found it on level 8 of the Dungeon)
  7552 | D:8      | Killed Erica
  7552 | D:8      | Reached skill level 11 in Spellcasting
  7922 | D:8      | Reached ***** piety under Okawaru
  7943 | D:8      | Reached skill level 12 in Spellcasting
  8066 | D:9      | Mangled by an orc warrior

Vault maps used:
D:1:      dpeg_arrival_caged_fury, serial_bayou_lake_a
D:3:      chequers_ecumenical_altar_simple_redux
D:4:      minmay_strange_pillars
D:5:      first_bread, uniq_edmund, uniq_duvessa
D:6:      minmay_temple_entry_large_hall, minmay_misc_feat_roman
D:7:      old_standard_altar
D:8:      grunt_livestock, uniq_erica

Skill      XL: |  1  2  3  4  5  6  7  8  9 |
---------------+----------------------------+-----
Spellcasting   | 3 4 6 8 10 12 | 12.0
Earth Magic    | 3 4 5 6 7 |  7.4
Dodging        | 4 5 6 |  6.6
Short Blades   | 1 2 3 |  3.4
Stealth        | 4 |  4.8
Translocations | 2 4 |  4.6
Fighting       | |  0.5
Transmutations | |  1.3

Action                   |  1- 3 |  4- 6 |  7- 9 || total
-------------------------+-------+-------+-------++-------
Melee: Dagger            |   168 |   244 |   248 ||   660
 Cast: Sandblast         |    38 |    68 |   171 ||   277
       Stone Arrow       |       |       |     1 ||     1
  Use: Scroll            |     3 |     7 |    12 ||    22
       Potion            |     1 |     1 |     1 ||     3
 Stab: Sleeping          |     6 |     8 |     3 ||    17
  Eat: Fruit             |       |     3 |       ||     3
       Bread ration      |       |       |     1 ||     1
Armor: Robe              |    18 |    19 |    20 ||    57
Dodge: Dodged            |   127 |   256 |   205 ||   588
